cohdb
Replays
Latest Replays
All Replays
Popular Replays
Top Player Replays
Match Explorer
How It Works
Community
CoH3 Stats
Reddit
Sign in to upload your games and track your stats! →
Sign in with Steam
Match 41537171
Unlisted
Match 41537171
Overview
Messages
Build Orders
End
Pioneer Squad
Construct Infanterie Kompanie
MG 42 Machine Gun Team
Grenadier Squad
Grenadier Squad
MG 42 Machine Gun Team
MG 42 Machine Gun Team
Construct Panzergrenadier Kompanie
Pak 40 Anti-tank Gun Team
Medical Bunker
251 Medium Carrier
MG 42 Machine Gun Team
MG 42 Machine Gun Team
Grenadier Squad
MG 42 Machine Gun Team
Selects Mechanized Battlegroup
Selects Raid Package
Selects 8 Rad Armored Car
Support Elements
Grenadier Squad
Grenadier Squad
8 Rad Armored Car
Nebelwerfer 42 Rocket Launcher Team
Pioneer Squad
Grenadier Squad
MG 42 Machine Gun Team
Selects Panther Heavy Tank
8 Rad Armored Car
Panther Heavy Tank
Grenadier Squad
MG 42 Machine Gun Team
8 Rad Armored Car
8 Rad Armored Car
mentholitty048
Alexem
0
0
Comments
sign in to comment!
No comments posted yet!